 Dungeon Crawl Stone Soup version 0.22.1-6-g1668fe2 (webtiles) character file.

46 Inchmeat the Chopper (level 3, 0/30 HPs)
             Began as a Hill Orc Gladiator on Jan 24, 2019.
             Succumbed to an adder's poison
             ... on level 1 of the Dungeon.
             The game lasted 00:01:09 (691 turns).

Inchmeat the Chopper (Hill Orc Gladiator)            Turns: 691, Time: 00:01:09

Health: 0/30       AC:  4    Str: 17    XL:     3   Next: 66%
Magic:  3/3        EV: 12    Int:  8    God:
Gold:   58         SH:  0    Dex: 12    Spells: 2/2 levels left

rFire    . . .     SeeInvis .   a - +0 war axe
rCold    . . .     Gourm    .   (no shield)
rNeg     . . .     Faith    .   b - +0 leather armour
rPois    +         Spirit   .   c - +0 helmet
rElec    .         Reflect  .   (no cloak)
rCorr    .         Harm     .   (no gloves)
MR       .....     Rnd*Rage +   (no boots)
Stlth    +.........             (no amulet)
HPRegen  0.10/turn              (no ring)
MPRegen  0.08/turn              (no ring)

@: lethally poisoned (0 -> -10)
A: berserk 1, poison resistance, MP-powered wands
a: no special abilities


You were on level 1 of the Dungeon.
You were not hungry.

You visited 1 branch of the dungeon, and saw 2 of its levels.

You collected 58 gold pieces.

Inventory:

Hand Weapons
 a - a +0 war axe (weapon)
Missiles
 d - a throwing net (quivered)
Armour
 b - a +0 leather armour (worn)
 c - a +0 helmet (worn)
Scrolls
 e - 2 scrolls of identify {unknown}
 g - 2 scrolls of remove curse {unknown}
 h - a scroll of fog {unknown}
 i - a scroll of teleportation {unknown}
Comestibles
 f - a ration


   Skills:
 - Level 2.4 Fighting
 + Level 6.0 Axes
 - Level 1.7 Throwing
 - Level 2.4 Dodging


You had 2 spell levels left.
You didn't know any spells.
Your spell library was empty.

Dungeon Overview and Level Annotations

Branches:
Dungeon (2/15)

Altars:


Innate Abilities, Weirdness & Mutations

You tend to lose your temper in combat.
Your system is resistant to poisons. (rPois)
You expend magic power (3 MP) to strengthen your wands.


Message History

You feel resistant to poisons.
You feel a little pissed off.
You feel your magical essence link to your wands.
* * * LOW HITPOINT WARNING * * *
You feel sick. The adder barely misses you.
Unknown command.
Throwing (i - inventory)
d - 3 throwing nets (quivered)
Press: ? - help, Shift-Dir - straight line, f - adder
Aim: an adder You throw a throwing net.
The throwing net barely misses the adder.
* * * LOW HITPOINT WARNING * * *
You feel sick. The adder bites you.
* * * LOW HITPOINT WARNING * * *
The adder barely misses you.
Throwing (i - inventory)
d - 2 throwing nets (quivered)
Press: ? - help, Shift-Dir - straight line, f/p - adder
Aim: an adder You throw a throwing net.
The throwing net hits the adder.
The adder is caught in the net!
You die...

..# #.##### #######.##.##.
..# #.# #............. .##
#.# #.####.###.### .####
#.###### #.##.......# ....#
#......# #.##.#.##### .##.##
##.####.# #.##.#.#
.....#####...รท(#.###......#
.##.......#.##.S........###
.##.###.......##@########
.##.###.##.......#
........##.##.####
######..#..##.#
#...##..#.###.#
.....#........#
.......#...####
.....#.......#
#...##.....(.#


You could see an adder (caught).

Vanquished Creatures
  An adder (D:2)
  A dart slug (D:1)
  3 bats (D:1)
  A giant cockroach (D:1)
  8 goblins
  7 hobgoblins (D:1)
  2 jackals (D:2)
  A ball python (D:1)
  A frilled lizard (D:1)
  7 rats
32 creatures vanquished.

Notes
Turn   | Place    | Note
-------+----------+-------------------------------------------
     0 | D:1      | Inchmeat the Hill Orc Gladiator began the quest for the
                  | Orb.
     0 | D:1      | Reached XP level 1. HP: 18/18 MP: 1/1
   136 | D:1      | Reached XP level 2. HP: 25/25 MP: 2/2
   179 | D:1      | Reached skill level 5 in Axes
   265 | D:1      | Reached XP level 3. HP: 28/30 MP: 3/3
   671 | D:2      | Reached skill level 6 in Axes
   689 | D:1      | Gained mutation: Your system is resistant to poisons.
                  | (rPois) [potion of mutation]
   689 | D:1      | Gained mutation: You tend to lose your temper in combat.
                  | [potion of mutation]
   689 | D:1      | Gained mutation: You expend magic power (3 MP) to
                  | strengthen your wands. [potion of mutation]
   690 | D:1      | HP: 1/30 [adder (3)]
   691 | D:1      | Succumbed to an adder's poison

Skill      XL: |  1  2  3 |
---------------+----------+-----
Axes           | 5 6 |  6.0
Fighting       | |  2.4
Throwing       | |  1.7
Dodging        | |  2.4

Action                   || total
-------------------------++-------
Melee: War axe           ||    87
Throw: Throwing net      ||     2
  Use: Potion            ||     1
Armor: Leather armour    ||    23
Dodge: Dodged            ||    55
